 Dungeon Crawl Stone Soup version 0.26.1-2-gb8aa6d0 (webtiles) character file.

Game seed: 10317052599366341866

8 Geeful the Sneak (level 2, -2/21 HPs)
             Began as an Octopode Delver on Mar 20, 2021.
             Slain by a worker ant (8 damage)
             ... on level 7 of the Dungeon.
             The game lasted 00:00:29 (113 turns).

Geeful the Sneak (Octopode Delver)                   Turns: 113, Time: 00:00:29

Health: -2/21      AC:  1    Str: 11    XL:     2   Next: 8%
Magic:  2/2        EV: 13    Int: 12    God:
Gold:   47         SH:  0    Dex: 13    Spells: 1/1 levels left

rFire    . . .     SeeInvis .   a - +0 short sword
rCold    . . .     Faith    .   (no shield)
rNeg     . . .     Spirit   .   (helmet restricted)
rPois    .         Reflect  .   (no amulet)
rElec    .         Harm     .   (no ring)
rCorr    .         Rampage  .   (no ring)
Will     .....                  (no ring)
Stlth    ++++......             (no ring)
HPRegen  0.07/turn              (no ring)
MPRegen  0.08/turn              (no ring)
                                (no ring)
                                (no ring)

@: lethally poisoned (-2 -> -5)
A: almost no armour, stealthy swim, amphibious, 8 rings, constrict 8, camouflage
1, gelatinous body 1
a: no special abilities


You were on level 7 of the Dungeon.
You visited 1 branch of the dungeon, and saw 3 of its levels.

You collected 47 gold pieces.

Inventory:

Hand Weapons
 a - a +0 short sword (weapon)
Wands
 f - a wand of digging (3)
Scrolls
 b - a scroll of fog
 c - a scroll of magic mapping
 d - a scroll of fear
Potions
 e - a potion of haste
 g - a potion of attraction {unknown}


   Skills:
 + Level 3.1 Fighting
 - Level 2.2 Short Blades
 + Level 2.2 Dodging
 + Level 6.7 Stealth
 + Level 0.0 Spellcasting


You had one spell level left.
You didn't know any spells.
Your spell library was empty.

Dungeon Overview and Level Annotations

Branches:
Dungeon (7/15)
 Temple: D:4-7

Altars:
Ashenzari


Innate Abilities, Weirdness & Mutations

You cannot wear most types of armour.
You are very stealthy in the water. (Stealth+)
You are amphibious.
You can wear up to eight rings at the same time.
You can use your tentacles to constrict eight enemies at once.
Your skin changes colour to match your surroundings (Stealth+).
Your rubbery body absorbs attacks. (AC +1, EV +1)


Message History

You constrict the worker ant.
You feel sick. The worker ant barely misses you.
You hit the worker ant but do no damage.
The worker ant is moderately wounded.
You constrict the worker ant. The worker ant bites you.
You are too injured to fight recklessly!
You are too injured to fight recklessly!
You completely miss the worker ant.
The worker ant is moderately wounded.
You constrict the worker ant.
You feel sick. The worker ant closely misses you.
You hit the worker ant but do no damage.
The worker ant is heavily wounded.
You constrict the worker ant.
The worker ant bites you but does no damage. x2
You hit the worker ant but do no damage.
The worker ant is severely wounded.
You constrict the worker ant. The worker ant closely misses you.
You barely miss the worker ant.
The worker ant is severely wounded.
You constrict the worker ant.
You feel sick. The worker ant bites you!
You die...

.# ..## .....(
#..###......
#..#........
...........
###...)......
##<#.......#
##...##.....#..
#......@B......
##....###.....#
####.. ....#
.l.# ...# ..#..
... ..# #.. ..
... .## . .##.
?.


You could see a worker ant.

Vanquished Creatures
  A shadow imp (D:6)
1 creature vanquished.

Vanquished Creatures (others)
  A withered plant (D:7)
1 creature vanquished.

Grand Total: 2 creatures vanquished

Notes
Turn   | Place    | Note
-------+----------+-------------------------------------------
     0 | D:5      | Geeful the Octopode Delver began the quest for the Orb.
     0 | D:5      | Reached XP level 1. HP: 16/16 MP: 1/1
     2 | D:5      | Found a broken altar of Ashenzari.
    29 | D:6      | Reached XP level 2. HP: 17/21 MP: 2/2
   113 | D:7      | Slain by a worker ant

Illustrated notes

Levels and vault maps discovered:
D:5:      corexii_shack_village, layout_rooms, nicolae_overflow_hidden_temple,
          lemuel_temple_firewalk_b, uniq_grinder, uniq_edmund, uniq_duvessa
D:6:      layout_cave_pools, makhleb_blood_cavern_becter,
          general_overflow_altar, uniq_blork_the_orc
D:7:      layout_cave_pools, kiku_gazebo_garden_becter, minitemple,
          hangedman_decor_riveting

Action                   || total
-------------------------++-------
Melee: Short sword       ||    13
       Constrict         ||     2
       Tentacles         ||     1
Armor: Skin              ||     2
Dodge: Dodged            ||     8
